 Dungeon Crawl Stone Soup version 0.23.2-33-g5129a83184 (webtiles) character file.

Game seed: 7437893420362276965

4103 t4s4d4r the Fighter (level 10, -8/115 HPs)
             Began as an Ogre Necromancer on July 24, 2019.
             Was a Priest of Kikubaaqudgha.
             Mangled by a troll (9 damage)
             ... on level 10 of the Dungeon.
             The game lasted 00:27:00 (14411 turns).

t4s4d4r the Fighter (Ogre Necromancer)             Turns: 14411, Time: 00:27:01

Health: -8/115     AC:  3    Str: 14    XL:     10   Next: 26%
Magic:  9/19       EV:  9    Int: 19    God:    Kikubaaqudgha [***...]
Gold:   154        SH:  0    Dex:  9    Spells: 2/21 levels left

rFire    + . .     SeeInvis .   u - +0 trident (curse)
rCold    + . .     Gourm    +   (no shield)
rNeg     . . .     Faith    .   a - +0 robe
rPois    +         Spirit   .   (helmet restricted)
rElec    .         Reflect  .   r - scarf {rC+ rF+}
rCorr    .         Harm     .   (gloves unavailable)
MR       +....                  (boots unavailable)
Stlth    +.........             o - amulet of the gourmand
HPRegen  0.29/turn              b - ring of wizardry
MPRegen  0.16/turn              C - ring of poison resistance

@: lightly drained
A: large, unfitting armour, tough skin 1
a: Receive Corpses, Renounce Religion


You were on level 10 of the Dungeon.
You worshipped Kikubaaqudgha.
Kikubaaqudgha was most pleased with you.
You were full.

You visited 2 branches of the dungeon, and saw 11 of its levels.
You also visited: Sewer.

You collected 504 gold pieces.
You spent 350 gold pieces at shops.

Inventory:

Hand Weapons
 u - a cursed +0 trident (weapon)
Missiles
 g - 348 stones (quivered)
 D - 5 large rocks
Armour
 a - a +0 robe (worn)
 d - a +0 cloak of invisibility
 r - a scarf of resistance (worn)
Jewellery
 b - a ring of wizardry (left hand)
 o - an amulet of the gourmand (around neck)
 C - a ring of poison resistance (right hand)
Wands
 E - a wand of polymorph (5)
 H - a wand of paralysis (8)
 I - a wand of iceblast (5)
Scrolls
 e - 7 scrolls of teleportation
 h - 3 scrolls of fear
 i - 2 scrolls of amnesia
 m - a scroll of immolation
 v - a scroll of magic mapping {unknown}
 w - a scroll of fog
 x - a scroll of enchant armour {unknown}
 A - a scroll of vulnerability {unknown}
 J - a scroll of silence {unknown}
Potions
 f - a potion of might
 j - 2 potions of flight
 k - a potion of lignification
 l - 9 potions of curing
 n - 6 potions of heal wounds
 p - a potion of invisibility
 q - 2 potions of haste
 t - a potion of magic
 z - 3 potions of brilliance
 B - a potion of agility
Comestibles
 c - 13 rations


   Skills:
 - Level 12.2(11.7) Fighting
 + Level 1.3(0.9) Polearms
 - Level 1.7(1.3) Dodging
 - Level 1.4(0.9) Stealth
 + Level 6.2(5.7) Spellcasting
 * Level 0.0 Conjurations
 - Level 9.3(8.8) Necromancy
 + Level 0.5(0.1) Evocations


You had 2 spell levels left.
You knew the following spells:

 Your Spells              Type           Power        Failure   Level  Hunger
a - Pain                  Necr           ####         1%          1    None
b - Animate Skeleton      Necr           N/A          1%          1    None
c - Vampiric Draining     Necr           #####.....   1%          3    ##.....
d - Regeneration          Chrm/Necr      ###.......   2%          3    ##.....
e - Animate Dead          Necr           N/A          1%          4    ####...
f - Sublimation of Blood  Necr           #####.....   1%          2    None
g - Bolt of Draining      Conj/Necr      ###.......   21%         5    #####..

Your spell library contained the following spells:

 Spells                   Type           Power        Failure   Level  Hunger
 Corpse Rot               Necr           N/A          1%          2    None
 Apportation              Tloc           #.....       4%          1    None
 Confusing Touch          Hex            #.....       4%          1    None
 Summon Small Mammal      Summ           #...         4%          1    None
 Agony                    Necr           #####...     3%          5    #####..
 Dispel Undead            Necr           #####...     3%          5    #####..
 Excruciating Wounds      Chrm/Necr      ###.......   21%         5    #####..
 Simulacrum               Ice/Necr       ###.......   71%         6    #######


Dungeon Overview and Level Annotations

Branches:
Dungeon (10/15)            Temple (1/1) D:6            Lair (0/6) D:8
    Orc: D:9-12

Altars:
Ashenzari
Cheibriados
Dithmenos
Elyvilon
Fedhas
Gozag
Hepliaklqana
Kikubaaqudgha
Makhleb
Nemelex Xobeh
Okawaru
Qazlal
Ru
Sif Muna
Trog
Uskayaw
Vehumet
Wu Jian
Xom
Yredelemnul
Zin
The Shining One

Shops:
D:6 (

Annotations:
D:5 Grinder
D:6 3 runed translucent doors, Joat's ghost, novice DsFi
D:8 1 runed translucent door, boo's ghost, novice MfGl


Innate Abilities, Weirdness & Mutations

You are too large for most types of armour.
You have tough skin. (AC +1)


Message History

You feel life coursing into your body.
The cyclops shouts!
The troll bites you! The troll claws you. The troll claws you!
* * * LOW HITPOINT WARNING * * *
Things that are here:
7 arrows; a +0 shortbow; a centaur skeleton
There is a stone staircase leading up, spattered with blood here.
Casting: Vampiric Draining (safe; 1% risk of failure)
Confirm with . or Enter, or press ? or * to list all spells.
Aiming: Vampiric Draining (safe; 1% risk of failure)
Press: ? - help, Shift-Dir - straight line, f/p - troll
Aim: a troll (heavily wounded)
The troll is severely wounded.
You feel life coursing into your body. The troll bites you!!
* * * LOW HITPOINT WARNING * * *
The troll claws you!
* * * LOW HITPOINT WARNING * * *
The troll claws you!
You die...
Kikubaaqudgha rasps: "You have failed me!
Welcome... death!"

######################
.....................#
#######.#####....."..#
# #.# #........# # #.#
#........# # #.#
#........# # #.#
#..T@....# # #.#
#..(.....# #
#.#####.######.#
........# .# #.#####.#
.# #.# #C# #.# #.##


You could see a troll.

Vanquished Creatures
  A komodo dragon (D:8)
  Prince Ribbit (D:7)
  A human (D:7)
  2 yaks (D:7)
  2 hogs
  A sky beast (D:7)
  2 ice beasts
  5 orc warriors
  3 centaurs
  4 ogres
  3 big kobolds (Sewer)
  4 bullfrogs
  A gnoll sergeant (D:7)
  A scorpion (D:6)
  A water moccasin skeleton (D:7)
  A wight (D:9)
  2 crimson imps
  A bullfrog zombie (D:9)
  A hound (D:5)
  Crazy Yiuf (D:3)
  3 bullfrog skeletons
  5 orc priests
  A centaur skeleton (D:8)
  5 orc wizards
  5 worker ants
  2 iguanas
  Robin (D:2)
  3 gnolls (D:7)
  7 adders
  A shadow imp (D:7)
  5 oozes
  2 adder zombies (D:9)
  2 adder skeletons
  2 worms
  4 dart slugs
  4 leopard geckos
  32 orcs
  9 bats
  6 giant cockroaches
  12 goblins
  11 hobgoblins
  12 jackals
  14 kobolds
  5 quokkas
  2 ball pythons
  10 frilled lizards
  A jackal zombie (D:7)
  A leopard gecko skeleton (D:6)
  A quokka zombie (D:7)
  9 rats
215 creatures vanquished.

Vanquished Creatures (collateral kills)
  A jackal (D:1)
1 creature vanquished.

Vanquished Creatures (others)
  A hound skeleton (D:8)
  A plant (D:8)
2 creatures vanquished.

Grand Total: 218 creatures vanquished

Notes
Turn   | Place    | Note
-------+----------+-------------------------------------------
     0 | D:1      | t4s4d4r the Ogre Necromancer began the quest for the Orb.
     0 | D:1      | Reached XP level 1. HP: 16/16 MP: 3/3
     8 | D:1      | Learned a level 1 spell: Animate Skeleton
   122 | D:1      | Reached XP level 2. HP: 9/24 MP: 0/6
   851 | D:1      | Reached XP level 3. HP: 31/31 MP: 6/8
  1145 | D:1      | Learned a level 3 spell: Vampiric Draining
  1149 | D:1      | Learned a level 3 spell: Regeneration
  1366 | D:2      | Found a snail-covered altar of Cheibriados.
  2024 | D:3      | Reached XP level 4. HP: 37/39 MP: 10/10
  2340 | D:3      | Found a runed translucent door.
  2341 | D:3      | Noticed Crazy Yiuf
  2606 | D:3      | Noticed Robin
  2929 | D:2      | Killed Robin
  3328 | D:3      | Reached XP level 5. HP: 27/45 MP: 5/11
  3636 | D:3      | Killed Crazy Yiuf
  3636 | D:3      | Reached skill level 5 in Necromancy
  3679 | D:3      | Learned a level 4 spell: Animate Dead
  3817 | D:4      | Noticed an orc warrior
  3900 | D:3      | Killed an orc warrior
  3900 | D:3      | Reached skill level 3 in Fighting
  3900 | D:3      | Reached XP level 6. HP: 11/62 MP: 4/12
  4157 | D:4      | Reached skill level 4 in Fighting
  4440 | D:4      | Reached skill level 5 in Fighting
  4751 | D:4      | Reached skill level 6 in Fighting
  4867 | D:4      | Reached XP level 7. HP: 53/75 MP: 7/13
  5272 | D:4      | Found a shadowy altar of Dithmenos.
  5301 | D:5      | Entered Level 5 of the Dungeon
  5342 | D:5      | Noticed Grinder
  5895 | D:5      | Paralysed by Grinder for 6 turns
  6500 | D:6      | Found a staircase to the Ecumenical Temple.
  6510 | Temple   | Entered the Ecumenical Temple
  6673 | Temple   | Became a worshipper of Kikubaaqudgha
  6794 | D:6      | Found a sand-covered staircase.
  6827 | D:6      | Found a runed translucent gate.
  6827 | D:6      | Found a runed translucent gate.
  6827 | D:6      | Noticed Joat's ghost (novice DsFi)
  6828 | D:6      | Found a runed translucent gate.
  6898 | D:6      | Found a radiant altar of Vehumet.
  6954 | D:6      | Reached skill level 7 in Fighting
  7035 | D:6      | Found a glowing drain.
  7057 | Sewer    | Entered a sewer
  7417 | Sewer    | Reached * piety under Kikubaaqudgha
  7417 | Sewer    | Identified Kikubaaqudgha's Tome of Sinister Magic
                  | (Kikubaaqudgha gifted it to you in a sewer)
  7417 | Sewer    | Received a gift from Kikubaaqudgha
  7479 | Sewer    | Reached XP level 8. HP: 33/88 MP: 0/14
  7840 | Sewer    | Reached skill level 8 in Fighting
  8425 | D:6      | Found Quodugoa's Antique Weapon Emporium.
  8433 | D:6      | Bought a smoking bardiche for 350 gold pieces
  8435 | D:6      | Identified the cursed +1 bardiche of Supply {vamp, *Slow
                  | rPois Dex+4} (You bought it in a shop on level 6 of the
                  | Dungeon)
  8640 | D:7      | Reached skill level 9 in Fighting
  9556 | D:7      | Reached skill level 10 in Fighting
  9688 | D:7      | Noticed Prince Ribbit
  9699 | D:7      | Killed Prince Ribbit
  9699 | D:7      | Reached XP level 9. HP: 62/102 MP: 0/15
 10367 | D:7      | Reached ** piety under Kikubaaqudgha
 10701 | D:8      | Found a runed translucent door.
 10707 | D:8      | Noticed boo's ghost (novice MfGl)
 10707 | D:8      | Noticed a cyan ugly thing
 11062 | D:7      | Reached skill level 11 in Fighting
 11445 | D:7      | Learned a level 2 spell: Sublimation of Blood
 11482 | D:8      | Found a staircase to the Lair.
 11482 | D:8      | Noticed a komodo dragon
 11520 | D:8      | Killed a komodo dragon
 12017 | D:8      | Reached skill level 5 in Spellcasting
 12488 | D:8      | Found a bloodstained altar of Trog.
 12570 | D:9      | Reached XP level 10. HP: 108/115 MP: 14/17
 12576 | D:8      | Reached skill level 12 in Fighting
 13567 | D:10     | Entered Level 10 of the Dungeon
 13575 | D:10     | Noticed a cyclops
 13977 | D:9      | Reached *** piety under Kikubaaqudgha
 13977 | D:9      | Identified Kikubaaqudgha's Grimoire of Unholy Secrets
                  | (Kikubaaqudgha gifted it to you on level 9 of the Dungeon)
 13977 | D:9      | Received a gift from Kikubaaqudgha
 14182 | D:10     | Reached skill level 1 in Polearms
 14386 | D:9      | Learned a level 5 spell: Bolt of Draining
 14411 | D:10     | HP: 1/115 [troll (13)]
 14411 | D:10     | Mangled by a troll

Skill      XL: |  1  2  3  4  5  6  7  8  9 10 |
---------------+-------------------------------+-----
Spellcasting   | 3 4 5 6 |  6.2
Necromancy     | 4 5 6 7 9 |  9.3
Fighting       | 3 6 7 10 11 12 | 12.2
Polearms       | 1 |  1.3
Dodging        | |  1.7
Stealth        | |  1.4
Evocations     | |  0.5

Action                   |  1- 3 |  4- 6 |  7- 9 | 10-12 || total
-------------------------+-------+-------+-------+-------++-------
Melee: Club              |    23 |       |       |       ||    23
       Long sword        |     6 |    46 |       |       ||    52
       Scimitar          |       |    33 |   198 |    39 ||   270
       Trident           |       |       |       |    16 ||    16
Throw: Stone             |       |     1 |       |       ||     1
 Cast: Pain              |    59 |    80 |   149 |    26 ||   314
       Animate Skeleton  |     8 |     2 |     2 |       ||    12
       Vampiric Draining |       |     4 |    34 |    18 ||    56
       Regeneration      |       |       |     3 |       ||     3
       Animate Dead      |       |       |     2 |     3 ||     5
  Use: Scroll            |     4 |     1 |    13 |     6 ||    24
       Potion            |       |       |     1 |       ||     1
 Stab: Sleeping          |       |     2 |     3 |     1 ||     6
  Eat: Chunk             |     3 |    10 |    32 |     4 ||    49
       Ration            |       |       |     1 |       ||     1
Armor: Robe              |    27 |    44 |    74 |    12 ||   157
Dodge: Dodged            |    30 |   116 |   201 |    57 ||   404
       Rpst.: Long sword |     1 |    17 |       |       ||    18
       Scimitar          |       |    16 |    67 |    11 ||    94
